 Dungeon Crawl Stone Soup version 0.29.1-12-g30fa7ad0bf (webtiles) character file.

Game seed: 6938398542872126193

16 safid the Shooter (level 2, -5/26 HPs)
             Began as a Minotaur Hunter on Dec 16, 2022.
             Slain by a worm (6 damage)
             ... on level 2 of the Dungeon.
             The game lasted 00:01:09 (960 turns).

safid the Shooter (Minotaur Hunter)                  Turns: 960, Time: 00:01:10

Health: -5/26      AC:  3    Str: 15    XL:     2   Next: 41%
Magic:  1/1        EV: 12    Int:  6    God:
Gold:   28         SH:  0    Dex: 13    Spells: 1/1 levels left

rFire   . . .      SeeInvis .   a - +0 shortbow
rCold   . . .      Faith    .   (shield currently unavailable)
rNeg    . . .      Spirit   .   c - +0 leather armour
rPois   .          Reflect  .   (helmet restricted)
rElec   .          Harm     .   (no cloak)
rCorr   .          Rampage  .   (no gloves)
Will    .....                   (no boots)
Stlth   +.........              (no amulet)
HPRegen 0.08/turn               (no ring)
MPRegen 0.07/turn               (no ring)

@: no status effects
A: horns 2, retaliatory headbutt
a: no special abilities


You were on level 2 of the Dungeon.
You visited 1 branch of the dungeon, and saw 2 of its levels.

You collected 28 gold pieces.

Inventory:

Hand Weapons
 a - a +0 shortbow (weapon)
Armour
 c - a +0 leather armour (worn)
Scrolls
 b - 2 scrolls of immolation
 e - 3 scrolls of identify {unknown}
 f - a scroll of noise {unknown}
 g - a scroll of poison {unknown}
 i - a scroll of fear {unknown}
Potions
 d - a potion of curing {unknown}
 h - a potion of degeneration {unknown}
 j - a potion of cancellation {unknown}


   Skills:
 + Level 3.2 Fighting
 + Level 4.8 Ranged Weapons
 - Level 2.1 Dodging
 - Level 0.7 Stealth


You had one spell level left.
You didn't know any spells.
Your spell library contained the following spells:

 Spells                   Type           Power      Damage    Failure   Level
 Slow                     Hex            0%         N/A       52%         1
 Confusing Touch          Hex            0%         N/A       88%         3
 Vampiric Draining        Necr           0%         2d6       88%         3


Dungeon Overview and Level Annotations

Branches:
Dungeon (2/15)

Altars:


Innate Abilities, Weirdness & Mutations

You have a pair of horns on your head.
You reflexively headbutt those who attack you in melee.


Message History

You shoot an arrow. The arrow hits the worm.
The worm is moderately wounded.
You shoot an arrow. The arrow barely misses the worm.
The worm bites you.
You shoot an arrow. The arrow barely misses the worm.
The worm bites you!
You are too injured to fight recklessly!
You are too injured to fight recklessly!
You are too injured to fight recklessly!
You are too injured to fight recklessly!
Fire: a) +0 shortbow
Press: ? - help, Q - select action Shift-Dir - straight line, f/p - worm
Aim: a worm (lightly wounded, 79% to hit)
You shoot an arrow. The arrow barely misses the worm.
The worm bites you!
* * * LOW HITPOINT WARNING * * *
Fire: a) +0 shortbow
Press: ? - help, Q - select action Shift-Dir - straight line, f/p - worm
Aim: a worm (lightly wounded, 79% to hit)
You shoot an arrow. The arrow hits the worm.
The worm is heavily wounded.
The worm closely misses you. You furiously retaliate!
You headbutt the worm.
Fire: a) +0 shortbow
Press: ? - help, Q - select action Shift-Dir - straight line, f/p - worm
Aim: a worm (severely wounded, 79% to hit)
You shoot an arrow. The arrow hits the worm.
The worm is severely wounded.
Fire: a) +0 shortbow
Press: ? - help, Q - select action Shift-Dir - straight line, f/p - worm
Aim: a worm (severely wounded, 79% to hit)
You shoot an arrow.
The arrow hits the worm but does no damage.
The worm is severely wounded.
The worm bites you.
* * * LOW HITPOINT WARNING * * *
Unknown command.
Fire: a) +0 shortbow
Press: ? - help, Q - select action Shift-Dir - straight line, f/p - worm
Aim: a worm (severely wounded, 79% to hit)
You shoot an arrow. The arrow barely misses the worm.
The worm bites you.
You die...

#+ #.########
#..w..<..#
######.@#####.#.
........<.......
####.....####.##
##...## ##..#
#... #.## #. #.


You could see a worm.

Vanquished Creatures
  A dart slug (D:1)
  3 endoplasms (D:1)
  2 giant cockroaches (D:1)
  2 hobgoblins (D:1)
  A kobold (D:1)
  A quokka (D:1)
  A ball python (D:1)
  A rat (D:1)
12 creatures vanquished.

Notes
Turn   | Place    | Note
-------+----------+-------------------------------------------
     0 | D:1      | safid the Minotaur Hunter began the quest for the Orb.
     0 | D:1      | Reached XP level 1. HP: 18/18 MP: 0/0
    74 | D:1      | Reached XP level 2. HP: 12/26 MP: 1/1
   959 | D:2      | HP: 1/26 [worm (1)]
   960 | D:2      | Slain by a worm

Illustrated notes

Levels and vault maps discovered:
D:1:      minmay_arrival_doors, layout_basic, minmay_hexomino_p4
D:2:      layout_loops_corners, hellmonk_ecumenical_altar_arch_garden

Skill      XL: |  1 |
---------------+----+-----
Fighting       | 3 |  3.2
Ranged Weapons | |  4.8
Dodging        | |  2.1
Stealth        | |  0.7

Action                   || total
-------------------------++-------
 Fire: Shortbow          ||    28
Armor: Leather armour    ||     2
Dodge: Dodged            ||     6
